 Dungeon Crawl Stone Soup version 0.22-a0-448-g1fb7470 (webtiles) character file.

5703 suicidejoker the Fighter (level 10, -3/68 HPs)
             Began as a Gargoyle Fighter on June 5, 2018.
             Was an Initiate of Gozag.
             Slain by Snorg (21 damage)
             ... on level 10 of the Dungeon.
             The game lasted 00:23:30 (7073 turns).

suicidejoker the Fighter (Gargoyle Fighter)         Turns: 7073, Time: 00:23:30

Health: -3/68      AC: 23    Str: 24    XL:     10   Next: 76%
Magic:  19/19      EV:  9    Int: 10    God:    Gozag
Gold:   746        SH: 11    Dex: 12    Spells: 9/9 levels left

rFire    + . .     SeeInvis +   a - +2 long sword (freeze)
rCold    . . .     Gourm    .   c - +0 shield
rNeg     + . .     Faith    .   K - +2 ring mail {rF+}
rPois    ∞         Spirit   .   w - +2 helmet
rElec    +         Reflect  .   d - +2 cloak
rCorr    .         Harm     .   (no gloves)
MR       .....                  v - +0 pair of boots
Stlth    +++.......             h - amulet of regeneration
HPRegen  0.61/turn              e - ring of magical power
MPRegen  0.16/turn              y - ring of see invisible

@: mighty
A: negative energy resistance 1, electricity resistance, unbreathing,
petrification resistance, rot immunity, AC +7
a: Potion Petition, Call Merchant, Bribe Branch, Renounce Religion


You were on level 10 of the Dungeon.
You worshipped Gozag.
Gozag was pleased with you.
You were very hungry.

You visited 2 branches of the dungeon, and saw 11 of its levels.

You collected 930 gold pieces.
You spent 69 gold pieces at shops.
You paid 115 gold pieces to Gozag.

Inventory:

Hand Weapons
 a - a +2 long sword of freezing (weapon)
 b - a +0 blowgun
 r - a +1 mace of protection
 t - a +2 dagger of speed
 J - a +0 shortbow
Missiles
 o - 97 arrows
 p - 211 stones (quivered)
 q - 26 sling bullets
 z - 4 needles of confusion
 A - 65 bolts
 B - 73 poisoned needles
 D - 7 curare-tipped needles
 I - 3 tomahawks
Armour
 c - a +0 shield (worn)
 d - a +2 cloak (worn)
 v - a +0 pair of boots (worn)
 w - a +2 helmet (worn)
 E - the +2 robe of Tender Moments {*Slow +Inv SInv}
   (You found it on level 8 of the Dungeon)

   It lets you see invisible.
   It lets you turn invisible.
   It may slow you when you take damage.
 K - a +2 ring mail of fire resistance (worn)
Magical Staves
 F - an uncursed staff of wizardry {unknown}
Jewellery
 e - a ring of magical power (left hand)
 h - an amulet of regeneration (around neck)
 m - an uncursed ring of magical power
 y - a ring of see invisible (right hand)
Wands
 L - a wand of polymorph (21)
Scrolls
 g - 3 scrolls of remove curse
 i - a scroll of immolation
 k - 2 scrolls of amnesia
 n - 6 scrolls of teleportation
 u - 4 scrolls of identify
 x - a scroll of torment {unknown}
 G - 2 scrolls of magic mapping
Potions
 j - a potion of brilliance
 l - 4 potions of flight
 C - a potion of might
 H - 2 potions of curing
 M - a potion of cancellation
Comestibles
 f - 15 rations


   Skills:
 * Level 9.8 Fighting
 * Level 8.0 Long Blades
 + Level 7.3 Armour
 + Level 7.0 Stealth
 + Level 7.3 Shields


You had 9 spell levels left.
You didn't know any spells.
Your spell library contained the following spells:

 Spells                   Type           Power        Failure   Level  Hunger
 Magic Dart               Conj           #...         83%         1    ##.....
 Apportation              Tloc           #.....       83%         1    ##.....
 Conjure Flame            Conj/Fire      #.......     99%         3    ####...
 Slow                     Hex            #.......     92%         2    ###....
 Confuse                  Hex            #.......     99%         3    ####...
 Mephitic Cloud           Conj/Pois/Air  #.......     99%         3    ####...
 Summon Small Mammal      Summ           #...         83%         1    ##.....
 Blink                    Tloc           N/A          92%         2    ###....
 Animate Skeleton         Necr           N/A          83%         1    ##.....
 Summon Ice Beast         Ice/Summ       #.......     100%        4    #####..
 Call Imp                 Summ           #.......     92%         2    ###....
 Confusing Touch          Hex            #.....       83%         1    ##.....
 Call Canine Familiar     Summ           #.......     99%         3    ####...
 Metabolic Englaciation   Hex/Ice        #.........   100%        5    ######.
 Petrify                  Tmut/Erth      #.......     100%        4    #####..
 Summon Lightning Spire   Summ/Air       #.......     100%        4    #####..
 Summon Guardian Golem    Hex/Summ       #.......     99%         3    ####...
 Gell's Gravitas          Tloc           #.........   99%         3    ####...
 Yara's Violent Unravell  Hex/Tmut       #.........   100%        5    ######.


Dungeon Overview and Level Annotations

Branches:
Dungeon (10/15)            Temple (1/1) D:7            Lair (0/6) D:8
    Orc: D:9-12

Altars:
Ashenzari
Cheibriados
Dithmenos
Elyvilon
Fedhas
Gozag
Hepliaklqana
Kikubaaqudgha
Makhleb
Nemelex Xobeh
Okawaru
Qazlal
Ru
Sif Muna
Trog
Uskayaw
Vehumet
Wu Jian
Xom
Yredelemnul
Zin
The Shining One

Shops:
D:4 *   D:9 :

Annotations:
D:10 Snorg


Innate Abilities, Weirdness & Mutations

You are resistant to torment.
Your stone body is resilient. (AC +7)
You are immune to poison.
You resist negative energy. (rN+)
You are resistant to electric shocks. (rElec)
You can survive without breathing.
You are immune to petrification.
You are immune to rotting.


Message History

Snorg barely misses you.
You slash Snorg! You freeze Snorg.
Snorg is severely wounded.
Snorg bites you. Snorg claws you but does no damage. Snorg claws you.
Snorg bites you but does no damage. Snorg claws you but does no damage. x2
You completely miss Snorg.
Snorg is severely wounded.
Snorg bites you but does no damage. Snorg completely misses you.
Snorg claws you but does no damage. Snorg bites you. Snorg closely misses you.
Snorg claws you but does no damage.
You hit Snorg. You freeze Snorg.
Snorg is severely wounded.
You block Snorg's attack. Snorg claws you.
* * * LOW HITPOINT WARNING * * *
Snorg claws you but does no damage.
You slash Snorg! You freeze Snorg.
Snorg is severely wounded.
Snorg bites you!!
You die...
Your body crumbles into a pile of gold.

.# #.##.
......
###.o..#
#((....#
#$# #(#
#T# #@#
#<#
#........
#########


You could see Snorg (berserk).

Vanquished Creatures
  2 two-headed ogres
  A queen bee (D:8)
  A wyvern (D:8)
  Duvessa (D:7)
  3 phantoms
  4 orc warriors
  An ice beast (D:9)
  4 sky beasts
  2 centaurs (D:5)
  3 big kobolds
  A bullfrog (D:9)
  A wyvern zombie (D:8)
  Dowan (D:7)
  A scorpion (D:8)
  15 killer bees (D:8)
  2 howler monkeys
  3 crimson imps (D:8)
  A quasit (D:8)
  5 hounds
  2 jellies
  15 orc wizards
  Crazy Yiuf (D:2)
  A centaur skeleton (D:4)
  5 orc priests
  2 bullfrog skeletons
  2 iguanas
  6 worker ants
  2 hound skeletons
  A worker ant zombie (D:8)
  A howler monkey skeleton (D:8)
  3 gnolls (D:5)
  8 adders
  2 shadow imps
  An adder skeleton (D:4)
  2 adder zombies (D:5)
  4 worms
  2 dart slugs
  2 leopard geckos
  31 orcs
  A ball python (D:3)
  3 giant cockroaches
  9 goblins
  6 hobgoblins
  18 kobolds
  3 quokkas
  6 bats
  3 frilled lizards (D:1)
  A leopard gecko skeleton (D:4)
  2 leopard gecko zombies
  A quokka skeleton (D:8)
  A quokka zombie (D:6)
  8 rats
207 creatures vanquished.

Notes
Turn   | Place    | Note
-------+----------+-------------------------------------------
     0 | D:1      | suicidejoker the Gargoyle Fighter began the quest for the Orb.
     0 | D:1      | Reached XP level 1. HP: 14/14 MP: 1/1
   196 | D:1      | Reached XP level 2. HP: 17/19 MP: 2/2
   775 | D:2      | Reached XP level 3. HP: 24/24 MP: 3/3
   812 | D:2      | Reached skill level 1 in Stealth
   878 | D:2      | Found an iron altar of Okawaru.
  1036 | D:2      | Found a runed door.
  1088 | D:2      | Reached skill level 4 in Fighting
  1127 | D:2      | Reached XP level 4. HP: 26/29 MP: 4/4
  1307 | D:2      | Noticed Crazy Yiuf
  1314 | D:2      | Killed Crazy Yiuf
  1580 | D:3      | Noticed a big kobold
  1610 | D:3      | Killed a big kobold
  1610 | D:3      | Reached XP level 5. HP: 31/34 MP: 5/5
  1617 | D:3      | Noticed a big kobold
  1645 | D:3      | Killed a big kobold
  1645 | D:3      | Reached XP level 6. HP: 37/39 MP: 6/6
  2292 | D:4      | Reached skill level 5 in Fighting
  2325 | D:4      | Found Meqyiq's Assorted Antiques.
  2328 | D:4      | Bought a scroll labeled DIPNOT UTE for 25 gold pieces
  2328 | D:4      | Bought a glowing sapphire potion for 22 gold pieces
  2328 | D:4      | Bought an amethyst potion for 22 gold pieces
  2484 | D:4      | Found a snail-covered altar of Cheibriados.
  2564 | D:5      | Entered Level 5 of the Dungeon
  2580 | D:5      | Reached XP level 7. HP: 44/44 MP: 7/7
  2725 | D:5      | Reached skill level 6 in Fighting
  2785 | D:5      | Reached XP level 8. HP: 33/51 MP: 8/8
  3174 | D:5      | Reached skill level 5 in Shields
  3216 | D:5      | Reached skill level 5 in Armour
  3571 | D:6      | Reached skill level 5 in Long Blades
  3770 | D:6      | Found a deep blue altar of Sif Muna.
  4246 | D:6      | Reached skill level 7 in Fighting
  4518 | D:7      | Noticed Duvessa
  4519 | D:7      | Noticed Dowan
  4523 | D:7      | Killed Duvessa
  4529 | D:7      | Killed Dowan
  4587 | D:7      | Found an ancient bone altar of Kikubaaqudgha.
  4620 | D:7      | Reached XP level 9. HP: 55/57 MP: 9/9
  4635 | D:7      | Found a glowing silver altar of Zin.
  4771 | D:7      | Found a shadowy altar of Dithmenos.
  4796 | D:7      | Found a staircase to the Ecumenical Temple.
  4832 | Temple   | Entered the Ecumenical Temple
  4873 | Temple   | Became a worshipper of Gozag Ym Sagoz the Greedy
  4999 | D:7      | Found a glowing golden altar of the Shining One.
  5202 | D:8      | Reached skill level 5 in Stealth
  5219 | D:8      | Got a ripped robe
  5220 | D:8      | Identified the +2 robe of Tender Moments {*Slow +Inv SInv} (You found it on level 8 of the Dungeon)
  5321 | D:8      | Found a hide-covered altar of Uskayaw.
  5328 | D:8      | Noticed a two-headed ogre
  5343 | D:8      | Killed a two-headed ogre
  5343 | D:8      | Reached skill level 8 in Fighting
  5523 | D:8      | Noticed a queen bee
  5560 | D:8      | Killed a queen bee
  5560 | D:8      | Reached XP level 10. HP: 64/65 MP: 10/10
  5596 | D:8      | Reached skill level 9 in Fighting
  5883 | D:8      | Found a shimmering altar of Xom.
  5883 | D:8      | Found a burning altar of Makhleb.
  6084 | D:8      | Found a staircase to the Lair.
  6260 | D:9      | Found Foiniunt's Book Shoppe.
  6457 | D:9      | Found a white marble altar of Elyvilon.
  6511 | D:9      | Noticed a two-headed ogre
  6531 | D:9      | Killed a two-headed ogre
  6819 | D:9      | Found a radiant altar of Vehumet.
  6878 | D:9      | Found a basalt altar of Yredelemnul.
  6986 | D:10     | Entered Level 10 of the Dungeon
  7051 | D:10     | Noticed Snorg
  7073 | D:10     | Slain by Snorg

Vault maps used:
D:1:      nicolae_arrival_somewhat_less_tricky_arrival
D:2:      okawaru_trees_1, uniq_crazy_yiuf_cottage
D:3:      cheibrodos_thug_alley, minmay_misc_feat_nine_boxes
D:4:      kennysheep_mini, serial_shops, shop, first_ration
D:5:      grunt_decor_one_mirror
D:6:      lemuel_crystal_altar
D:7:      grunt_dithmenos_smoke_and_mirrors, kiku_gazebo_pond_becter,
          lemuel_crystal_altar, kennysheep_mini_moat,
          minmay_temple_entry_glassed_door, uniq_duvessa
D:8:      grunt_temple_overflow_champion_of_chaos, lemuel_round_altar,
          lair_entry_dummy, david_nohive_1
D:9:      lemuel_round_altar, overflow_temple_1_default, lemuel_doored_altar,
          serial_shops, shop, corexii_corridor_pit, roderic_roman_lattice
D:10:     uniq_maurice, uniq_snorg
Temple:   jpeg_temple_island

Skill      XL: |  1  2  3  4  5  6  7  8  9 10 |
---------------+-------------------------------+-----
Long Blades    | 2 3 4 5 7 8 |  8.0
Stealth        | 1 2 3 4 6 7 |  7.0
Fighting       | 4 5 6 7 8 9 |  9.8
Armour         | 4 5 6 7 |  7.3
Shields        | 4 5 6 7 |  7.3

Action                   |  1- 3 |  4- 6 |  7- 9 | 10-12 || total
-------------------------+-------+-------+-------+-------++-------
Melee: Long sword        |   134 |   156 |   406 |   284 ||   980
 Fire: Blowgun           |       |       |       |    33 ||    33
Throw: Stone             |       |       |     3 |     2 ||     5
Evoke: Wand              |       |       |    10 |       ||    10
  Use: Potion            |       |     1 |    13 |     2 ||    16
       Scroll            |       |       |    17 |       ||    17
 Stab: Sleeping          |       |       |     2 |     3 ||     5
  Eat: Chunk             |       |     5 |     9 |       ||    14
       Ration            |       |       |     1 |     1 ||     2
Armor: Scale mail        |    78 |    80 |    92 |       ||   250
       Plate armour      |       |       |   106 |       ||   106
       Skin              |       |       |     1 |       ||     1
       Ring mail         |       |       |    65 |   155 ||   220
Dodge: Dodged            |    54 |    50 |   138 |    90 ||   332
Block: Shield            |    80 |    92 |   258 |   176 ||   606
       Rpst.: Long sword |    21 |     9 |    33 |    21 ||    84

Table legend:
 A = Spawn XP
 B = Non-spawn XP
 C = Spawn XP percentage of total XP
 D = Spawn monster count
 E = Non-spawn monster count
 F = Spawn count percentage of total count
 G = Total turns spent on level
                    A         B        C        D         E        F      G
               +---------+---------+-------+---------+---------+-------+---------
         Total |       0 |    8148 |   0.0 |       0 |     207 |   0.0 |  7073
               +---------+---------+-------+---------+---------+-------+---------
           D:1 |       0 |      28 |   0.0 |       0 |      17 |   0.0 |   726
           D:2 |       0 |      97 |   0.0 |       0 |      22 |   0.0 |   675
           D:3 |       0 |     241 |   0.0 |       0 |      22 |   0.0 |   745
           D:4 |       0 |     206 |   0.0 |       0 |      11 |   0.0 |   418
           D:5 |       0 |     934 |   0.0 |       0 |      23 |   0.0 |   906
           D:6 |       0 |     554 |   0.0 |       0 |      20 |   0.0 |  1048
           D:7 |       0 |     377 |   0.0 |       0 |      11 |   0.0 |   562
           D:8 |       0 |    3638 |   0.0 |       0 |      52 |   0.0 |  1098
           D:9 |       0 |    1630 |   0.0 |       0 |      20 |   0.0 |   726
          D:10 |       0 |     443 |   0.0 |       0 |       9 |   0.0 |    87
               +---------+---------+-------+---------+---------+-------+---------
